 Dungeon Crawl Stone Soup version 0.31-a0-441-g867994ef1c (webtiles) character file.

Game seed: 11573775669694277508

19656 floatRand the Gargoyle Catastrophe (level 12, -31/81 HPs)
             Began as a Gargoyle Fighter on Aug 3, 2023.
             Was an Elder of Qazlal.
             Annihilated by an enormous slime creature (55 damage)
             ... on level 12 of the Dungeon.
             The game lasted 00:21:01 (12174 turns).

floatRand the Gargoyle Catastrophe (GrFi)          Turns: 12174, Time: 00:21:02

Health: -31/81     AC: 30    Str: 25    XL:     12   Next: 71%
Magic:  23/23      EV:  6    Int:  9    God:    Qazlal [****..]
Gold:   946        SH: 15    Dex: 16    Spells: 11/11 levels left

rFire   . . .        f - +4 eveningstar of Dunysmeh {heavy, Fly rPois Dex+3}
rCold   + . .        c - +0 buckler
rNeg    + + .        O - +0 plate armour {rC+}
rPois   ∞            q - +2 helmet
rElec   +            (no cloak)
rCorr   +            o - +1 pair of gloves
SInv    +            P - +0 pair of boots
Will    .....        d - amulet of Qoymetik {Reflect -Tele rN+ rCorr Dex+4 SH+5} Stlth
                     y - ring of see invisible
HPRegen 0.33/turn    b - +4 ring of protection
MPRegen 0.18/turn

%: no teleportation, repel missiles, reflection
@: flying, studying Fighting
A: sickness immunity, AC +8, negative energy resistance 1, electricity
resistance, torment resistance 1, petrification resistance
a: Renounce Religion, Upheaval, Elemental Force


You were on level 12 of the Dungeon.
You worshipped Qazlal.
Qazlal was greatly pleased with you.
You visited 2 branches of the dungeon, and saw 13 of its levels.
You also visited: Bailey.

You collected 1013 gold pieces.
You spent 67 gold pieces at shops.

Inventory:

Hand Weapons
 f - the +4 eveningstar of Dunysmeh (weapon) {heavy, Fly rPois Dex+3}
   (You acquired it in a bailey)

   Dex:       It affects your dexterity (+3).
   rPois:     It protects you from poison.
   Fly:       It grants you flight.
 E - a +2 mace of protection
Missiles
 s - 4 atropa-tipped darts
 B - 7 javelins
Armour
 c - a +0 buckler (worn)
 o - a +1 pair of gloves (worn)
 q - a +2 helmet (worn)
 C - a +4 scale mail
 O - a +0 plate armour of cold resistance (worn)
 P - a +0 pair of boots (worn)
Jewellery
 b - a +4 ring of protection (right hand)
 d - the amulet of Qoymetik (around neck) {Reflect -Tele rN+ rCorr Dex+4 SH+5}
   (You acquired it in a bailey)

   [amulet of reflection]

   It reflects blocked missile attacks.
   Dex:       It affects your dexterity (+4).
   rN:        It protects you from negative energy.
   -Tele:     It prevents most forms of teleportation.
   rCorr:     It protects you from acid and corrosion.
   SH:        It affects your SH (+5).
 g - an amulet of magic regeneration
 t - a +6 ring of dexterity
 y - a ring of see invisible (left hand)
 z - a +6 ring of intelligence
 F - a ring of protection from cold
 G - a ring of fire
Wands
 i - a wand of charming (9)
 v - a wand of acid (6)
 J - a wand of flame (18)
Scrolls
 e - 3 scrolls of fear
 k - 10 scrolls of teleportation
 l - 2 scrolls of immolation
 m - a scroll of vulnerability
 n - a scroll of torment
 p - 2 scrolls of fog
 r - a scroll of brand weapon
 u - a scroll of poison
 w - a scroll of summoning
 x - 3 scrolls of revelation
 A - 3 scrolls of enchant weapon
 K - a scroll of enchant armour
 M - a scroll of blinking
Potions
 a - 2 potions of attraction {unknown}
 j - a potion of magic
 D - 3 potions of curing
 H - a potion of resistance {unknown}
 I - 2 potions of ambrosia {unknown}
 L - 3 potions of haste
 N - a potion of enlightenment {unknown}
Miscellaneous
 h - a tin of tremorstones (2/2)


   Skills:
 + Level 12.0 Fighting
 + Level 13.0 Maces & Flails
 - Level 3.2 Armour
 - Level 3.2 Shields
 * Level 15.5 Invocations


You had 11 spell levels left.
You didn't know any spells.
Your spell library contained the following spells:

 Spells                   Type           Power      Damage    Failure   Level
 Ensorcelled Hibernation  Hex/Ice        0%         N/A       100%        2
 Passwall                 Tmut/Erth      0%         N/A       100%        2
 Portal Projectile        Hex/Tloc       0%         N/A       100%        3
 Swiftness                Air            0%         N/A       100%        3
 Tukima's Dance           Hex            0%         N/A       100%        3
 Animate Dead             Necr           0%         N/A       100%        4
 Iskenderun's Mystic Bla  Conj/Tloc      0%         2d3       100%        4
 Passage of Golubria      Tloc           0%         N/A       100%        4
 Alistair's Intoxication  Tmut/Pois      0%         N/A       100%        5
 Borgnjor's Vile Clutch   Necr/Erth      0%         N/A       100%        5
 Yara's Violent Unravell  Hex/Tmut       0%         3d3       100%        5
 Eringya's Noxious Bog    Tmut/Pois      0%         4d6       100%        6
 Haunt                    Necr/Summ      0%         N/A       100%        7
 Infestation              Necr           0%         N/A       100%        8


Dungeon Overview and Level Annotations

Branches:
Dungeon (12/15)            Temple (1/1) D:7            Lair (0/5) D:9
    Orc (0/2) D:11         Bailey (visited)

Altars:
Ashenzari
Cheibriados
Dithmenos
Elyvilon
Fedhas
Gozag
Hepliaklqana
Kikubaaqudgha
Makhleb
Nemelex Xobeh
Okawaru
Qazlal
Ru
Sif Muna
Trog
Uskayaw
Vehumet
Wu Jian
Xom
Yredelemnul
Zin
The Shining One

Shops:
D:3 =(   D:8 :   D:11 [

Annotations:
D:9 3 runed translucent doors, Crownlay's ghost, journeyman DEEE


Innate Abilities, Weirdness & Mutations

You are immune to sickness and miasma.
Your stone body is resilient. (AC +8)
You are immune to poison.
You resist negative energy. (rN+)
You are resistant to electric shocks. (rElec)
You are resistant to unholy torment.
You are immune to petrification.


Message History

You block the slime creature's attack.
You crush the slime creature like a grape!!!
The slime creature is almost dead.
The slime creature closely misses you.
You barely miss the slime creature.
The slime creature is almost dead.
Two slime creatures merge to form a large slime creature.
The large slime creature barely misses you.
A slime creature comes into view.
The slime creature quivers.
You hit the large slime creature.
The large slime creature is heavily wounded.
The large slime creature hits you but does no damage.
You completely miss the large slime creature.
The large slime creature is heavily wounded.
You block the large slime creature's attack.
A slime creature comes into view.
Unknown command.
Unknown command.
You completely miss the large slime creature.
The large slime creature is heavily wounded.
The large slime creature hits you but does no damage.
You bludgeon the large slime creature!!
The large slime creature is severely wounded.
Two slime creatures merge to form a very large slime creature.
Two slime creatures merge to form an enormous slime creature.
You hit the enormous slime creature.
The enormous slime creature is moderately wounded.
You bludgeon the enormous slime creature!!
The enormous slime creature is moderately wounded.
Unknown command.
Unknown command.
You puncture the enormous slime creature!
The enormous slime creature is heavily wounded.
The enormous slime creature hits you!!!
Ouch! That really hurt!
* * * LOW HITPOINT WARNING * * *
The enormous slime creature hits you!!!
Ouch! That really hurt!
You die...

...........# #.##
...........## ..#
............# #.#
.........[..# #..
........^...## #..
#............# #.
##...........### #.
###...........#########
# ##..........J@.......
..######
##.......###########
........ ##.....##
######.. ###...# ###
###.# ## #†# #. #.# #.
##.# #. #.## #.


You could see an enormous slime creature.

Vanquished Creatures
  Erica (D:11)
  A boulder beetle (D:10)
  2 two-headed ogres
  Pikel (D:8)
  2 manticores
  Joseph (D:7)
  3 unseen horrors
  Maggie (D:8)
  A kobold demonologist (D:10)
  4 trolls
  Prince Ribbit (D:5)
  2 hornets
  5 slime creatures (D:12)
  2 shadows
  A vampire (D:12)
  2 wyverns
  A wraith (D:12)
  20 yaks
  2 basilisks
  11 vampire mosquitoes
  3 acid dragons
  2 water moccasins (D:7)
  A sky beast (D:8)
  20 orc warriors
  An ice beast (D:8)
  An ogre (D:5)
  18 centaurs
  A lemure (D:8)
  2 kobold brigands
  3 bullfrogs (D:9)
  2 gnoll sergeants
  5 scorpions
  3 wights (D:7)
  5 killer bees
  7 howler monkeys
  8 orc priests
  7 hounds
  A gnoll bouda (D:7)
  2 iguanas
  Jessica (D:3)
  A sleepcap (D:4)
  Terence (D:3)
  12 orc wizards
  Natasha (thrice) (D:3)
  16 gnolls
  9 adders
  A white imp (D:7)
  2 ufetubi
  A worm (D:2)
  A dart slug (D:1)
  51 orcs
  13 ball pythons
  5 endoplasms
  2 giant cockroaches
  9 goblins
  12 hobgoblins
  7 jackals
  3 quokkas
  4 bats
  A frilled lizard (D:2)
  16 kobolds
  6 rats
333 creatures vanquished.

Vanquished Creatures (others)
  An orc wizard (D:7)
  3 orcs (Bailey)
4 creatures vanquished.

Grand Total: 337 creatures vanquished

Notes
Turn   | Place    | Note
-------+----------+-------------------------------------------
     0 | D:1      | floatRand the Gargoyle Fighter began the quest for the Orb.
     0 | D:1      | Reached XP level 1. HP: 14/14 MP: 1/1
   169 | D:1      | Reached XP level 2. HP: 19/19 MP: 2/2
   638 | D:1      | Reached XP level 3. HP: 21/23 MP: 3/3
  1613 | D:2      | Reached XP level 4. HP: 28/28 MP: 4/4
  1650 | D:3      | Found Uloevymi's Jewellery Shop.
  1848 | D:3      | Noticed Natasha
  1858 | D:3      | Killed Natasha
  1930 | D:3      | Found Itewonu Vito's Antique Weapon Emporium.
  1930 | D:3      | Noticed Jessica
  1938 | D:3      | Killed Jessica
  1939 | D:3      | Reached skill level 5 in Maces & Flails
  1939 | D:3      | Reached XP level 5. HP: 22/32 MP: 5/5
  2128 | D:3      | Noticed Natasha
  2131 | D:3      | Killed Natasha
  2272 | D:3      | Noticed Terence
  2282 | D:3      | Killed Terence
  2302 | D:3      | Noticed Natasha
  2321 | D:3      | Killed Natasha
  2322 | D:3      | Reached XP level 6. HP: 26/37 MP: 6/6
  2872 | D:4      | Found a sacrificial altar of Ru.
  3711 | D:5      | Entered Level 5 of the Dungeon
  3868 | D:5      | Noticed Prince Ribbit
  3893 | D:5      | Killed Prince Ribbit
  3894 | D:5      | Reached XP level 7. HP: 21/41 MP: 7/7
  4010 | D:5      | Reached skill level 1 in Invocations
  4131 | D:5      | Reached skill level 2 in Invocations
  4209 | D:5      | Reached skill level 3 in Invocations
  4209 | D:5      | Reached XP level 8. HP: 46/46 MP: 10/10
  4441 | D:6      | Noticed a two-headed ogre
  4538 | D:6      | Reached skill level 4 in Invocations
  4721 | D:6      | Killed a two-headed ogre
  4722 | D:6      | Reached skill level 6 in Invocations
  4774 | D:6      | Reached XP level 9. HP: 51/51 MP: 14/14
  4792 | D:6      | Reached skill level 7 in Invocations
  5641 | D:7      | Reached skill level 8 in Invocations
  5818 | D:7      | Found a staircase to the Ecumenical Temple.
  5824 | Temple   | Entered the Ecumenical Temple
  5850 | Temple   | Became a worshipper of Qazlal Stormbringer
  5967 | D:7      | Reached skill level 10 in Maces & Flails
  6051 | D:7      | Found a flagged portal.
  6066 | Bailey   | Entered a bailey
  6105 | Bailey   | Reached skill level 9 in Invocations
  6715 | Bailey   | Reached * piety under Qazlal
  6716 | Bailey   | Reached skill level 10 in Invocations
  6716 | Bailey   | Reached XP level 10. HP: 49/56 MP: 17/17
  6946 | Bailey   | HP: 2/56 [centaur/javelin (4)]
  7244 | Bailey   | Acquired the amulet of Qoymetik {Reflect -Tele rN+ rCorr
                  | Dex+4 SH+5}
  7801 | Bailey   | Acquired the +4 eveningstar of Dunysmeh {heavy, Fly rPois
                  | Dex+3}
  8002 | D:7      | Reached skill level 11 in Invocations
  8043 | D:7      | Noticed Joseph
  8059 | D:7      | Killed Joseph
  8459 | D:8      | Noticed Maggie
  8467 | D:8      | Killed Maggie
  8518 | D:8      | Reached skill level 5 in Fighting
  8592 | D:8      | Reached ** piety under Qazlal
  8704 | D:8      | Reached skill level 12 in Invocations
  8730 | D:8      | Found Cuel's Book Shoppe.
  8750 | D:8      | Noticed Pikel
  8757 | D:8      | Killed Pikel
  8758 | D:8      | Reached XP level 11. HP: 66/66 MP: 20/20
  9029 | D:9      | Found a runed translucent gate.
  9029 | D:9      | Found a runed translucent gate.
  9029 | D:9      | Found a runed translucent gate.
  9031 | D:9      | Noticed an 11-headed hydra
  9032 | D:9      | Noticed Crownlay's ghost (journeyman DEEE)
  9165 | D:9      | Found a staircase to the Lair.
  9443 | D:9      | Identified the +1 leather armour of Wonder {rN+}
  9522 | D:9      | Reached skill level 13 in Invocations
  9762 | D:10     | Entered Level 10 of the Dungeon
  9778 | D:10     | Reached *** piety under Qazlal
  9985 | D:10     | Noticed a manticore
  9992 | D:10     | Killed a manticore
 10061 | D:10     | Noticed a boulder beetle
 10147 | D:10     | Killed a boulder beetle
 10148 | D:10     | Noticed a two-headed ogre
 10153 | D:10     | Killed a two-headed ogre
 10154 | D:10     | Reached skill level 14 in Invocations
 10283 | D:10     | Reached skill level 10 in Fighting
 10288 | D:10     | Reached XP level 12. HP: 56/77 MP: 22/22
 10940 | D:11     | Reached **** piety under Qazlal
 10992 | D:11     | Found a broken altar of Ashenzari.
 11236 | D:11     | Found a staircase to the Orcish Mines.
 11238 | D:11     | Found Coxizag's Armour Emporium.
 11271 | D:11     | Bought a +0 pair of boots for 67 gold pieces
 11503 | D:11     | Noticed Erica
 11506 | D:11     | Killed Erica
 11526 | D:11     | Reached skill level 15 in Invocations
 12174 | D:12     | Annihilated by an enormous slime creature

Illustrated notes

Levels and vault maps discovered:
D:1:      reono_arrival_forest_river, layout_loops_cross,
          grunt_decor_mini_mirrors
D:2:      layout_loops_corners, minmay_misc_feat_plants
D:3:      layout_basic, serial_shops, nicolae_shop_hallway_stairs, shop,
          uniq_jessica, uniq_natasha, uniq_terence
D:4:      layout_layer_cave, nicolae_overflow_crystal_walls, dk_noncrumbling_2
D:5:      layout_basic, uniq_prince_ribbit1
D:6:      layout_basic, bh_walls_and_bars
D:7:      corexii_shack_village, layout_loops_ring, minmay_temple_entry_wispy,
          enter_bailey_2, nrook_loot_triangle, uniq_joseph
D:8:      layout_cave_pools, serial_shops, nicolae_take_the_stairs, uniq_maggie,
          uniq_pikel
D:9:      layout_irregular_city, grunt_lair_entry_orc_guard_hut,
          gammafunk_ghost_hydra_chop
D:10:     cheibrodos_fzero, layout_irregular_city
D:11:     layout_roguey, orc_david_3, nicolae_ashenzari_panopticon, uniq_erica
D:12:     layout_cave_pods
Temple:   nicolae_temple_bog_church

Skill      XL: |  1  2  3  4  5  6  7  8  9 10 11 12 |
---------------+-------------------------------------+-----
Maces & Flails | 3 4 5 6 8 9 10 11 12 13 | 13.0
Invocations    | 3 6 10 12 14 15 | 15.5
Fighting       | 6 10 12 | 12.0
Armour         | |  3.2
Shields        | |  3.2

Action                     |  1- 3 |  4- 6 |  7- 9 | 10-12 || total
---------------------------+-------+-------+-------+-------++-------
  Melee: Flail             |   157 |    35 |       |       ||   192
         Mace              |       |    95 |   456 |    82 ||   633
         Eveningstar       |       |       |       |   345 ||   345
 Invoke: Upheaval          |       |       |       |     1 ||     1
  Evoke: Wand              |       |     1 |     3 |    21 ||    25
    Use: Scroll            |     3 |     1 |     1 |    17 ||    22
         Potion            |       |       |     5 |     4 ||     9
 Armour: Scale mail        |    92 |    43 |   287 |   271 ||   693
         Chain mail        |       |    29 |    70 |       ||    99
         Skin              |       |       |    11 |    10 ||    21
         Plate armour      |       |       |       |    59 ||    59
  Dodge: Dodged            |    76 |    46 |   254 |   185 ||   561
  Block: Buckler           |    24 |    24 |   139 |   377 ||   564
         Reflection        |       |       |       |    23 ||    23

Table legend: (Time is in decaauts)
 A = Elapsed time spent in this place.
 B = Non-inter-level travel time spent in this place.
 C = Inter-level travel time spent in this place.
 D = Time resting spent in this place.
 E = Time spent auto-exploring this place.
 F = Levels seen in this place.
 G = Mean time per level.
                   A        B        C        D        E       F      G
               +--------+--------+--------+--------+--------+-----+--------+
         Total |  12349 |  12045 |    304 |   1524 |   6616 |  14 |  882.1 |
       Dungeon |  10465 |  10187 |    278 |    566 |   6616 |  12 |  872.1 |
        Temple |     49 |     23 |     26 |      0 |      0 |   1 |   49.0 |
        Bailey |   1834 |   1834 |      0 |    958 |      0 |   1 | 1834.0 |
               +--------+--------+--------+--------+--------+-----+--------+

Top non-repeatable levels by time:
  Bailey: 1834 daAuts
     D:4: 1291 daAuts
     D:7: 1102 daAuts
    D:10: 1072 daAuts
     D:6: 1017 daAuts
     D:2: 886 daAuts
    D:11: 819 daAuts
     D:9: 809 daAuts
     D:1: 806 daAuts
     D:3: 783 daAuts
     D:5: 752 daAuts
     D:8: 587 daAuts
    D:12: 536 daAuts
  Temple: 49 daAuts
